[Event "Mitropa Cup Open 2022"]
[Site "Corte"]
[Date "2022.05.07"]
[Round "8.4"]
[White "Deuer, Marius"]
[Black "Fecker, Noah"]
[Result "0-1"]
[ECO "A58"]
[WhiteElo "2359"]
[BlackElo "2387"]
[Annotator "TA"]
[PlyCount "56"]
[EventDate "2022.04.30"]
[EventType "team-tourn"]
[EventCountry "FRA"]
[SourceTitle "playchess.com"]
[Source "ChessBase"]
[SourceQuality "1"]
[WhiteTeam "Germany"]
[BlackTeam "Switzerland"]
[WhiteTeamCountry "GER"]
[BlackTeamCountry "SUI"]
[TimeControl "40/5400+30:1800+30"]

1. d4 Nf6 2. c4 c5 3. d5 b5 4. cxb5 a6 5. bxa6 e6 6. dxe6 {[%emt 0:12:58] A58: Benko/Volga Gambit: Lines with 5 bxa6.} fxe6 7. Nf3 d5 8. e3 {[%emt 0:00:31] White is slightly better.} ({Reject} 8. Qa4+ Bd7 9. Qd1 Nxa6 $11) 8... Be7 {[%emt 0:15:37] [#]} 9. Nbd2 $146 ({White should play} 9. Bb5+ $14 Nbd7 10. Nc3) ({Predecessor:} 9. Bb5+ Bd7 10. Bxd7+ Nbxd7 11. O-O Rxa6 12. Nbd2 Qa8 13. a3 O-O 14. Re1 c4 15. Qc2 {0-1 (26) Dylag,E (2065)-Kubicka,A (2274) Szklarska Poreba 2021}) 9... O-O (9... c4 $11) 10. Be2 Nxa6 11. b3 $1 {[%emt 0:08:36] Against c4} Nb4 12. a3 $1 Nc6 13. Bb2 {[%emt 0:05:07] Prevents e5.} Bb7 14. O-O Qe8 15. Qc2 {[%emt 0:10:58] aiming for Ng5.} Rc8 (15... Bd6 $14) 16. Rfe1 (16. Ng5 $16 {Threatens to win with Bxf6.} e5 17. Rad1) 16... Bd6 $14 17. Bd3 Qh5 18. h3 e5 19. e4 {[%emt 0:00:18] exd5 is the strong threat.} Nd4 20. Nxd4 (20. Bxd4 $11 cxd4 21. Qb1) 20... cxd4 $17 21. Qd1 Qg6 $36 {[%emt 0:02:39][%cal Rd5e4][%mdl 3072] Black has strong compensation. Black is really pushing. Black is more active.} 22. f3 {[%emt 0:06:47][%mdl 8192] [#] Loses the game.} (22. Qb1 $17 {is tougher.}) 22... Nh5 $1 $19 23. Bf1 Nf4 24. Kh1 {[%emt 0:01:19] [#]} Ba6 $1 {[%emt 0:01:01][%mdl 512] White must now prevent ...Bxf1.} 25. g4 {[%emt 0:05:10] [#]} (25. Nc4 dxc4) 25... Qh6 $1 {[%emt 0:01:32] ( -> ...Bxf1)} 26. Kg1 {[%emt 0:04:15] [#]} (26. g5 Qxg5) 26... Qh4 $1 {[%emt 0:00:49] Black mates.} 27. exd5 (27. Nc4 dxc4) 27... Qg3+ 28. Kh1 Bxf1 {[%emt 0:00:09][%mdl 64] Remove Defender.  Weighted Error Value: White=0.91/Black=0.11 (very precise)} 0-1

[Event "Mitropa Cup Open 2022"]
[Site "Corte"]
[Date "2022.05.07"]
[Round "8.4"]
[White "Bouslimi, Nabil"]
[Black "Di Benedetto, Edoardo"]
[Result "0-1"]
[ECO "E20"]
[WhiteElo "2065"]
[BlackElo "2401"]
[Annotator "TA"]
[PlyCount "60"]
[EventDate "2022.04.30"]
[EventType "team-tourn"]
[EventCountry "FRA"]
[SourceTitle "playchess.com"]
[Source "ChessBase"]
[SourceQuality "1"]
[WhiteTeam "France"]
[BlackTeam "Italy"]
[WhiteTeamCountry "FRA"]
[BlackTeamCountry "ITA"]
[TimeControl "40/5400+30:1800+30"]

1. d4 Nf6 2. c4 e6 3. Nc3 Bb4 4. Bd2 c5 5. a3 Bxc3 6. Bxc3 Ne4 {[%emt 0:00:26] E20: Nimzo-Indian: 4 g3 and 4 f3.} 7. Qc2 Nxc3 (7... Qh4 $2 8. g3 Qg4 9. f3 $18) 8. Qxc3 cxd4 {[%emt 0:00:31] The position is equal.} 9. Qxd4 O-O 10. Nf3 Nc6 11. Qc3 b6 {[%emt 0:01:16] [#]} 12. g3 $146 ({Predecessor:} 12. e3 Bb7 13. Be2 Rc8 14. b4 Ne7 15. Qb3 d5 16. cxd5 Nxd5 17. O-O Qf6 18. Rfc1 {½-½ (25) Mottinger,A (1845)-Roesel,G (1890) Bayern 1999}) 12... Ba6 13. Bg2 Rc8 14. O-O Na5 15. b3 d5 $1 16. Rfd1 Qe7 17. Qb4 {[%emt 0:03:17] [#]} Qf6 18. Nd2 dxc4 {[%emt 0:01:24] Black is more active.} 19. Ne4 {[%emt 0:02:57] [#]} Qe5 20. f4 Qc7 21. Nd6 Rcd8 ({Reject} 21... cxb3 $6 22. Nxc8 Rxc8 23. Kf2 $15) 22. Rac1 $2 {[%emt 0:04:39][%mdl 8192] Now White is beyond hope.} (22. bxc4 $17 Nxc4 23. Nxc4 Bxc4 24. Rxd8 Rxd8 25. Rc1) 22... Nxb3 $19 23. Rc2 Qc5+ 24. Kh1 Nd4 {[%emt 0:00:07] Black is clearly winning.} 25. Nxf7 Qxb4 (25... Nxc2 $142 26. Qb1 Nxa3 27. Nxd8 Nxb1 28. Nxe6 Qe3) 26. axb4 Kxf7 27. Rcd2 {[%emt 0:00:10] [#]} c3 $1 28. Rxd4 (28. Ra2 c2) 28... Rxd4 29. Rxd4 c2 30. Rd7+ Kg8 {[%emt 0:00:04] Weighted Error Value: White=0.97/Black=0.25 (precise)} 0-1

[Event "Mitropa Cup Open 2022"]
[Site "Corte"]
[Date "2022.05.07"]
[Round "8.5"]
[White "Moussard, Jules"]
[Black "Babula, Vlastimil"]
[Result "1/2-1/2"]
[ECO "B42"]
[WhiteElo "2651"]
[BlackElo "2576"]
[Annotator "TA"]
[PlyCount "67"]
[EventDate "2022.04.30"]
[EventType "team-tourn"]
[EventCountry "FRA"]
[SourceTitle "playchess.com"]
[Source "ChessBase"]
[SourceQuality "1"]
[WhiteTeam "France"]
[BlackTeam "Czech Republic"]
[WhiteTeamCountry "FRA"]
[BlackTeamCountry "CZE"]
[TimeControl "40/5400+30:1800+30"]

1. e4 c5 2. Nf3 e6 3. d4 cxd4 4. Nxd4 a6 5. Bd3 Bc5 6. Nb3 Ba7 7. Qe2 Nc6 8. Be3 Bxe3 9. Qxe3 Nf6 {[%emt 0:00:34][%cal Bg8f6,Bf6d5,Bd5c3][%mdl 32] B42: Sicilian: Kan Variation: 5 Bd3.} 10. O-O O-O 11. Rd1 d5 12. exd5 Nxd5 13. Qg3 {[%emt 0:08:32] [#] Threatens to win with c4.} Qe7 14. Be4 {[%emt 0:05:52] [#]} Rd8 $146 ({Predecessor:} 14... Nf6 15. Bxc6 bxc6 16. Nc3 Bb7 17. Na5 Rad8 18. Nxb7 Qxb7 19. b3 Qb4 20. a3 Rxd1+ 21. Rxd1 Qxa3 {1-0 (59) Bayod Rubia,A (2041)-Vera Jimenez,A (2014) Aragon 2009}) 15. Nc3 Nxc3 $1 16. Qxc3 Bd7 $1 17. Qc5 {[%emt 0:00:41] [#] Qxe7 is the strong threat.} Kf8 (17... Qh4 {with more complications.} 18. Qe3 Be8 19. c3 Rxd1+ 20. Rxd1 Rd8) 18. Qe3 (18. Bxh7 g6 19. Rd2 Qxc5 20. Nxc5 Be8 21. Rxd8 Nxd8 $17) 18... h6 19. Nc5 Be8 20. c3 a5 21. a3 a4 22. Rxd8 Nxd8 23. Rd1 Nc6 24. Nd3 Rd8 25. Bf3 Na5 26. Qb6 (26. Ne5 $11) 26... Nc4 $15 27. Qxb7 Qxb7 28. Bxb7 Nxb2 29. Nxb2 {[%emt 0:00:15] The position is equal.} Rb8 30. Rd4 $1 {[%emt 0:01:16] Strongly threatening Rb4.} Rxb7 31. Rb4 Rd7 32. h3 Rd2 33. c4 Rc2 34. Nxa4 {[%emt 0:01:36] Weighted Error Value: White=0.10 (very precise) /Black=0.07 (flawless)} 1/2-1/2

[Event "Mitropa Cup Open 2022"]
[Site "Corte"]
[Date "2022.05.07"]
[Round "8.5"]
[White "Dragnev, Valentin"]
[Black "Erdos, Viktor"]
[Result "1/2-1/2"]
[ECO "C95"]
[WhiteElo "2556"]
[BlackElo "2587"]
[Annotator "TA"]
[PlyCount "56"]
[EventDate "2022.04.30"]
[EventType "team-tourn"]
[EventCountry "FRA"]
[SourceTitle "playchess.com"]
[Source "ChessBase"]
[SourceQuality "1"]
[WhiteTeam "Austria"]
[BlackTeam "Hungary"]
[WhiteTeamCountry "AUT"]
[BlackTeamCountry "HUN"]
[TimeControl "40/5400+30:1800+30"]

1. e4 e5 2. Nf3 Nc6 3. Bb5 a6 4. Ba4 Nf6 5. O-O Be7 6. Re1 b5 7. Bb3 d6 8. c3 O-O 9. h3 Nb8 10. d4 Nbd7 11. Nbd2 Bb7 12. Bc2 Re8 13. Nf1 Bf8 14. Ng3 g6 15. a4 Bg7 16. Bd3 exd4 {[%emt 0:00:50] C95: Closed Ruy Lopez: Breyer Variation with 10 d4.} 17. cxd4 c5 18. axb5 axb5 {[%emt 0:00:15] White has an edge.} 19. Rxa8 Bxa8 {[%emt 0:02:00] The position is equal.} 20. dxc5 Nxc5 21. Bxb5 Rf8 {[%emt 0:16:52][%cal Rc5e4] [#]} 22. Bg5 $146 ({Predecessor:} 22. e5 dxe5 23. Qxd8 Rxd8 24. Nxe5 Nd5 25. Bc4 Re8 26. Nd3 Rxe1+ 27. Nxe1 Nb6 28. Ba2 {½-½ (60) So,W (2770)-Amin,B (2686) Chess.com INT 2020}) 22... Qb8 23. Bxf6 Bxf6 24. Bc4 Bxb2 25. Bd5 Bxd5 26. Qxd5 Ne6 27. Nf1 Bg7 28. Rd1 Qb4 {[%emt 0:04:24] A balanced but interesting game.  Weighted Error Value: White=0.06 (flawless) /Black=0.05 (flawless)} 1/2-1/2

[Event "Mitropa Cup Open 2022"]
[Site "Corte"]
[Date "2022.05.07"]
[Round "8.6"]
[White "Kozak, Adam"]
[Black "Blohberger, Felix"]
[Result "1-0"]
[ECO "E98"]
[WhiteElo "2532"]
[BlackElo "2510"]
[Annotator "TA"]
[PlyCount "85"]
[EventDate "2022.04.30"]
[EventType "team-tourn"]
[EventCountry "FRA"]
[SourceTitle "playchess.com"]
[Source "ChessBase"]
[SourceQuality "1"]
[WhiteTeam "Hungary"]
[BlackTeam "Austria"]
[WhiteTeamCountry "HUN"]
[BlackTeamCountry "AUT"]
[TimeControl "40/5400+30:1800+30"]

1. d4 Nf6 2. c4 g6 3. Nc3 Bg7 4. e4 d6 5. Nf3 O-O 6. Be2 e5 7. O-O Nc6 8. d5 Ne7 9. Ne1 Nd7 10. Be3 f5 11. f3 f4 12. Bf2 g5 13. a4 Nf6 14. c5 Ng6 15. a5 h5 16. cxd6 cxd6 17. Nb5 g4 18. Nxa7 Bd7 19. Nb5 {[%emt 0:06:09] [#] E99: King's Indian: Classical Main Line: 9 Ne1 Nd7 10 f3 f5.} (19. Bb6 $16 Qe8 20. Qb3) 19... Ne8 $146 (19... Bxb5 $11 20. Bxb5 Rxa5 21. Rxa5 Qxa5) ({Predecessor:} 19... g3 20. hxg3 fxg3 21. Bxg3 h4 22. Bh2 Rxa5 23. Rxa5 Qxa5 24. Na3 Nh5 25. Nd3 Qb6+ 26. Rf2 Qd8 {1-0 (59) Law,N-Wolfram,K (2001) Mureck 2005}) 20. Nc3 {[%emt 0:21:16][%cal Rf3g4] White is more active.} g3 21. hxg3 {[%emt 0:00:13] White is better.} fxg3 22. Bxg3 Qg5 (22... h4 $16 23. Bf2 Nf4) 23. Bh2 Nf6 24. Nd3 Qe3+ (24... Bh6 $16 25. Qb3 Nh4) 25. Kh1 $18 h4 {[%emt 0:02:45] [#]} 26. Qc1 ({White has to play} 26. Nf4 $1 $18 Ne7 {[#]} (26... Nxf4 27. Bg1) 27. Re1 $1) 26... Qd4 $2 (26... Qxc1 $16 {is tougher.} 27. Nxc1 (27. Rfxc1 Bh6 $16) 27... Rfc8) 27. Bg1 Nh5 28. Qd2 Ng3+ 29. Kh2 Qc4 30. Nf4 Bh6 $2 {[%emt 0:02:55] [#]} (30... Nxe2 31. Nxg6 (31. Qxe2 Qxe2 32. Nfxe2 Bh6 $18) 31... Ng3) 31. Nxg6 $1 {[%emt 0:01:39][%mdl 512] White is clearly winning.} Bxd2 32. Bxc4 Nxf1+ 33. Bxf1 Rf6 34. Nxh4 Bg5 35. Bf2 Rf4 36. g3 Rf6 (36... Bxh4 $142 37. Be2 Bxg3+ 38. Bxg3 Rf6) 37. Be2 Kf7 38. Nf5 Rh8+ 39. Kg2 Bxf5 40. exf5 Rfh6 41. Bg1 Rh1 42. Nd1 Bd2 43. Nf2 {[%emt 0:00:00] Black did not feel at home in the position after the opening.  Weighted Error Value: White=0.54/Black=0.78} 1-0

[Event "Mitropa Cup Open 2022"]
[Site "Corte"]
[Date "2022.05.07"]
[Round "8.7"]
[White "Diermair, Andreas"]
[Black "Nemeth, Miklos"]
[Result "1/2-1/2"]
[ECO "E19"]
[WhiteElo "2461"]
[BlackElo "2446"]
[Annotator "TA"]
[PlyCount "87"]
[EventDate "2022.04.30"]
[EventType "team-tourn"]
[EventCountry "FRA"]
[SourceTitle "playchess.com"]
[Source "ChessBase"]
[SourceQuality "1"]
[WhiteTeam "Austria"]
[BlackTeam "Hungary"]
[WhiteTeamCountry "AUT"]
[BlackTeamCountry "HUN"]
[TimeControl "40/5400+30:1800+30"]

1. Nf3 Nf6 2. c4 b6 3. g3 Bb7 4. Bg2 e6 5. O-O Be7 6. d4 O-O 7. Nc3 Ne4 8. Qc2 Nxc3 9. Qxc3 c5 10. Rd1 Bf6 11. Qd3 {[%emt 0:00:46][%cal Of3g5] Hoping for Ng5!} d5 {[%emt 0:03:17] E19: Queen's Indian: Old Main Line with 7...Ne4 8 Qc2 Nxc3 8 Qxc3.} 12. cxd5 exd5 13. h4 h6 14. dxc5 bxc5 15. Nh2 {[%emt 0:01:26] [#]} Na6 $146 (15... Qc8 $11) ({Predecessor:} 15... Qc8 16. Bf3 Nc6 17. Ng4 Be7 18. Bxh6 Nd4 19. Bf4 Re8 20. Rac1 a5 21. Ne5 Nxf3+ 22. Nxf3 {0-1 (61) Suffield,M (2108)-Graham,O (2187) ICCF email 2018}) 16. Ng4 $16 (16. Bxd5 $2 Nb4 $1 17. Qf3 Nxd5 $19) 16... Re8 (16... Qb6 $16) 17. Qb5 $18 (17. Bxd5 Bxd5 18. Qxd5 Be7 $16) 17... Qb6 18. Nxf6+ gxf6 19. Qa4 ({White should play} 19. Qd3 $18) 19... d4 $16 {[%emt 0:01:15] [#]} 20. Qd7 (20. Bxh6 $6 Bxg2 21. Kxg2 Qb7+ 22. e4 f5 $11) ({White should try} 20. Bxb7 $1 $16 Qxb7 21. Qc4) 20... Bxg2 $14 21. Qg4+ Kh7 22. Qf5+ Kg7 {[%emt 0:00:09] aiming for ...Bb7.} 23. Qg4+ Kh7 $1 {[%emt 0:00:04] White must now prevent ...Qc6.} ({Don't play} 23... Kh8 24. Kxg2 Qc6+ 25. Qf3 $14) 24. Kxg2 Qe6 25. Qh5 f5 26. Bf4 Rad8 (26... Nb4 $14) 27. Rac1 $16 Rd7 28. Rd2 Qd5+ 29. Qf3 ({Inferior is} 29. e4 Qxe4+ 30. f3 Qe6 $11) (29. Kh2 $18 Qe6 30. e3) 29... Re4 30. b3 Nb4 31. a3 Na6 32. Kg1 Nc7 33. Bxc7 Rxc7 34. Rdc2 Kg7 35. Rc4 Qe6 36. R1c2 Rb7 37. Kf1 ({Don't do} 37. Rxc5 Rxb3 38. Qxf5 Rxa3 $14) 37... Rb6 {[%emt 0:03:03] [#]} 38. a4 (38. b4 $1 $16) 38... Re5 $11 {[%emt 0:00:54] The position is equal.} 39. Kg2 Qe7 40. Kf1 a5 41. Rd2 Qd6 42. Rd3 Qe6 43. Rc2 Rb4 44. Rc1 {[%emt 0:06:04] Black defended with fortune.  Weighted Error Value: White=0.15 (very precise) /Black=0.14 (very precise)} 1/2-1/2

[Event "Mitropa Cup Open 2022"]
[Site "Corte"]
[Date "2022.05.07"]
[Round "8.8"]
[White "Frank, Adam"]
[Black "Loiseau, Quentin"]
[Result "0-1"]
[ECO "B33"]
[WhiteElo "2284"]
[BlackElo "2445"]
[Annotator "TA"]
[PlyCount "100"]
[EventDate "2022.04.30"]
[EventType "team-tourn"]
[EventCountry "FRA"]
[SourceTitle "playchess.com"]
[Source "ChessBase"]
[SourceQuality "1"]
[WhiteTeam "Czech Republic"]
[BlackTeam "France"]
[WhiteTeamCountry "CZE"]
[BlackTeamCountry "FRA"]
[TimeControl "40/5400+30:1800+30"]

1. e4 c5 2. Nf3 Nc6 3. d4 cxd4 4. Nxd4 Nf6 5. Nc3 e5 6. Ndb5 d6 7. Bg5 a6 8. Na3 b5 9. Nd5 Be7 10. Bxf6 Bxf6 11. c3 Bg5 12. Nc2 Rb8 13. a4 bxa4 14. Ncb4 Nxb4 15. Nxb4 {[%emt 0:00:23] [#] And now Nc6 would win.} Bd7 {[%emt 0:00:36] Prevents Nc6. White must now prevent ...a5. B33: Sicilian: Pelikan and Sveshnikov Variations.} 16. Bxa6 (16. Qxd6 Be7 17. Qxe5 O-O 18. Bxa6 Bxb4 19. cxb4 Qb6 $17) 16... Qa5 {[%emt 0:01:36] ...Rxb4 is the strong threat.} 17. Qd3 Rxb4 {[%emt 0:06:32] Black has an edge.} 18. cxb4 Qxb4+ 19. Kf1 O-O {[%emt 0:02:32][%cal Be8g8,Bg8h8,Bh8g7][%mdl 1056] White should prevent ...Rb8. Black has compensation.} (19... Qxb2 20. Rb1 Qd4 21. Rb8+ Bd8 22. Qxd4 exd4 23. Ke2 $16) 20. h4 {[%emt 0:09:23] [#]} Bh6 $146 (20... Qxb2 $2 21. Rb1 Qd2 22. hxg5 Qxg5 23. Qxd6 $18) (20... Bd8 $15) ({Predecessor:} 20... Bd8 21. Rd1 Qxb2 22. Qxd6 Bb6 23. Rd2 Qb1+ 24. Rd1 Qb2 25. Rd2 {½-½ (25) Licznerski,L (2271)-Gawronski,L (2072) Krakow 2011}) 21. g3 $11 Bc6 (21... Qxb2 22. Kg2 $14) (21... Rb8 $5 ) 22. Bc4 Kh8 $1 23. g4 {[%emt 0:31:34] [#] Threatens to win with g5.} f5 (23... Qxb2 24. Rb1 Qd4 25. Qxd4 exd4 26. Bd5 Bxd5 27. exd5 $14) 24. gxf5 g6 25. f6 Rxf6 26. Rh2 Bf4 ({Don't play} 26... Qxb2 27. Rb1 Qd4 28. Rb8+ Bf8 29. Qxd4 exd4 30. Bd5 Bxd5 31. exd5 $16) (26... Rf4 $15 27. Re1 Qc5) 27. Rg2 ({White should try} 27. Rh3 $1 $11) 27... Kg7 $15 28. Kg1 Qxb2 29. Rb1 Qd4 {[%emt 0:01:04] Really sharp! Black is more active.} 30. Qxd4 exd4 31. Bd5 (31. Bd3 $17 {nothing else works.}) 31... Bxd5 $19 32. exd5 {[%emt 0:00:05][%mdl 4096] Endgame KRR-KRB} d3 33. Ra1 Be5 34. Ra2 (34. Rd1 a3 35. Rg4) 34... Rf4 35. f3 Bc3 36. Kf2 Rb4 (36... Rxh4 $142 37. Ke3 d2 38. Raxd2 Bxd2+ 39. Kxd2 h5) 37. Rg4 Bd4+ (37... d2 $2 38. Ke2 Rb1 39. Rxd2 Bxd2 40. Kxd2 $19) 38. Ke1 $2 (38. Kg3 Rc4 39. h5) 38... h5 ({Wrong is} 38... Bc3+ $2 39. Kf2 Rb1 40. Ke3 $19) 39. Re4 Bc3+ 40. Kf2 Bd4+ 41. Ke1 $1 Bc3+ 42. Kf2 d2 {[%emt 0:05:01] Black is clearly winning.} 43. Ke2 Rb1 44. Rxd2 Bxd2 45. Kxd2 {[%emt 0:00:07] KR-KR} a3 ({Avoid the trap} 45... Rb2+ $2 46. Ke3 $19) 46. Ra4 Rb3 47. Ra6 Rxf3 48. Ke2 Rh3 49. Kf2 a2 {[%emt 0:00:43] ( -> ...Rh1)} 50. Kg2 {[%emt 0:00:04] Against Rh1} Rxh4 {[%emt 0:00:06] Weighted Error Value: White=0.54/Black=0.31} 0-1

[Event "Mitropa Cup Open 2022"]
[Site "Corte"]
[Date "2022.05.08"]
[Round "9.1"]
[White "Koellner, Ruben Gideon"]
[Black "Dragnev, Valentin"]
[Result "1/2-1/2"]
[ECO "D02"]
[WhiteElo "2440"]
[BlackElo "2556"]
[Annotator "TA"]
[PlyCount "51"]
[EventDate "2022.04.30"]
[EventType "team-tourn"]
[EventCountry "FRA"]
[SourceTitle "playchess.com"]
[Source "ChessBase"]
[SourceQuality "1"]
[WhiteTeam "Germany"]
[BlackTeam "Austria"]
[WhiteTeamCountry "GER"]
[BlackTeamCountry "AUT"]
[TimeControl "40/5400+30:1800+30"]

1. d4 Nf6 2. Nf3 d5 3. Bf4 c5 4. e3 Nc6 5. Nbd2 Bg4 {[%emt 0:00:15] The position is equal.} 6. Bb5 {[%emt 0:00:41] D02: 1 d4 d5 2 Nf3 sidelines, including 2...Nf6 3 g3 and 2...Nf6 3 Bf4.} cxd4 7. exd4 e6 8. c4 Bd6 9. Bxd6 Qxd6 10. c5 {[%emt 0:00:21] [#]} Qf4 $146 ({Predecessor:} 10... Qc7 11. Qa4 Bxf3 12. Nxf3 O-O 13. O-O a6 14. Bxc6 Qxc6 15. Qxc6 bxc6 16. Ne5 Rfc8 {½-½ (52) Ivanisevic,I (2599)-Fridman,D (2626) Abu Dhabi 2021}) 11. Qe2 {[%emt 0:07:28] Hoping for Qe5.} O-O 12. Bxc6 bxc6 13. Qe5 Qh6 14. O-O Rab8 15. b3 Rfc8 16. Rfe1 Rb7 17. Qe3 Qxe3 18. Rxe3 Bxf3 19. Nxf3 Nd7 20. Kf1 h6 21. Rc1 Re8 22. Rce1 Reb8 23. Rd1 Re8 24. Rde1 Reb8 25. Rd1 Re8 26. Rde1 {[%emt 0:03:24] A balanced but interesting game.  Weighted Error Value: White=0.06 (flawless) /Black=0.05 (flawless)} 1/2-1/2

[Event "Mitropa Cup Open 2022"]
[Site "Corte"]
[Date "2022.05.08"]
[Round "9.1"]
[White "Piscopo, Pierluigi"]
[Black "Maurizzi, Marc`Andria"]
[Result "0-1"]
[ECO "B30"]
[WhiteElo "2347"]
[BlackElo "2483"]
[Annotator "TA"]
[PlyCount "102"]
[EventDate "2022.04.30"]
[EventType "team-tourn"]
[EventCountry "FRA"]
[SourceTitle "playchess.com"]
[Source "ChessBase"]
[SourceQuality "1"]
[WhiteTeam "France"]
[BlackTeam "France"]
[WhiteTeamCountry "ITA"]
[TimeControl "40/5400+30:1800+30"]

1. e4 c5 2. Nf3 Nc6 3. Bb5 e6 4. O-O Nge7 5. Re1 Nd4 6. Nxd4 cxd4 7. c4 {[%emt 0:00:54] B30: Sicilian: 2...Nc6 3 Bb5, lines without ...g6.} (7. d3 $142) 7... e5 $11 8. d3 Ng6 {[%emt 0:03:55] [#] Against f4} 9. Qh5 $146 {[%emt 0:02:14] The position is equal.} ({Predecessor:} 9. Ba4 Bb4 10. Nd2 O-O 11. Bc2 Qg5 12. Nf3 Qd8 13. Nd2 b6 14. a3 Be7 15. Ba4 {½-½ (39) Ivanovic,Z (2302)-Felytin,L (2459) ICCF email 2017}) 9... a6 10. Ba4 ({But not} 10. Bg5 $2 f6 11. Bd2 axb5 $19) 10... Qa5 11. Qd1 Be7 12. a3 O-O 13. Nd2 d6 14. b4 Qc7 15. Nf1 f5 16. exf5 Bxf5 17. Ng3 Be6 18. Ne4 Rf5 19. Bd2 Raf8 20. Rc1 Nh4 21. Qe2 b5 22. Bb3 Qd7 23. Rf1 R5f7 24. f3 Kh8 25. Rf2 h6 26. Qd1 bxc4 27. dxc4 Qb7 28. Be1 $2 {[%emt 0:02:13][%mdl 8192] [#]} (28. Qe2 $1 $11 {and White is okay.}) 28... Nxg2 $1 $19 29. Kxg2 Rxf3 30. Bc2 (30. Rxf3 $142 Qxe4 31. Bc2) 30... R3f4 {[%emt 0:03:09] ...Rg4+ is the strong threat.} (30... Rxa3 31. Rxf8+ Bxf8 32. Kg1 $17) 31. Qd3 {[%emt 0:01:57] Black must now prevent Rxf4.} d5 $2 (31... Bg5 $19 32. Rxf4 Rxf4) 32. Nc5 $15 dxc4+ 33. Nxb7 cxd3 {[%emt 0:00:04] Dancing on a razor blade.} 34. Bxd3 $2 (34. Rxf4 $15 Bd5+ 35. Kg1 Rxf4 36. Bxd3 Bxb7 37. Rc7) 34... Bd5+ $19 35. Kg1 Rg4+ ({Inferior is} 35... Bxb7 36. Rxf4 Rxf4 37. Rc7 $15) (35... Bg5 $1 $19 36. Rc5 Bxb7 37. Rxe5 Rg4+ 38. Kf1 Bf3) 36. Kf1 $17 Bxb7 37. Rc7 $2 (37. Rxf8+ $17 Bxf8 38. Bg3) 37... Bg2+ $1 $19 38. Ke2 Bf6 39. Bf5 Rf4 {[%emt 0:01:01] Hoping for ...Rxf2+.} 40. Rc8 Rxc8 41. Bxc8 Rxf2+ 42. Bxf2 {[%emt 0:00:00][%mdl 4096] Endgame KBB-KBB} a5 (42... Bd5 $19 {and Black stays clearly on top. aiming for ...Bc4+.} 43. Bxa6 Kg8) 43. bxa5 $17 {[%emt 0:00:00] And now a6 would win.} Bd8 44. Bg3 $2 {[%emt 0:00:00] [#]} (44. a6 $17 Bb6 45. Bg3) 44... e4 $1 $19 ({Not} 44... Bxa5 45. Bxe5 Bb6 46. Kd3 $11) 45. Kf2 (45. Bg4 Bxa5 46. Kf2) 45... Bf3 46. a6 Bb6 {[%emt 0:00:08] ( -> ...d3+)} 47. Bc7 {[%emt 0:01:24] [#]} d3+ $1 {[%emt 0:01:41] Black mates.} 48. Bxb6 d2 49. a7 d1=Q 50. a8=Q Qe2+ 51. Kg3 Qg2+ {[%emt 0:00:02] Weighted Error Value: White=0.66/Black=0.22 (precise)} 0-1